 Dungeon Crawl Stone Soup version 0.19.4 (webtiles) character file.

187 Gargoyl the Skirmisher (level 5, -4/46 HPs)
             Began as a Ghoul Abyssal Knight on Feb 1, 2017.
             Was a Believer of Lugonu.
             Slain by a gnoll
             ... wielding a +0 flail
              (7 damage)
             ... on level 4 of the Dungeon.
             The game lasted 00:07:46 (2520 turns).

Gargoyl the Skirmisher (Ghoul Abyssal Knight)       Turns: 2520, Time: 00:07:47

Health: -4/46      AC:  7    Str: 14 (16) XL:     5   Next: 66%
Magic:  6/6        EV:  5    Int: 11 (12) God:    Lugonu [**....]
Gold:   230        SH: 12    Dex:  7 (9)  Spells: 0 memorised, 4 levels left

rFire  . . .     SeeInvis .     a - +1 hand axe
rCold  + . .     Gourm    .     k - +0 ring mail
rNeg   + + +     Faith    .     t - +2 large shield
rPois  ∞         Spirit   .     d - +2 hat
rElec  .         Reflect  .     o - -1 cloak (curse)
rCorr  .         Harm     .     (no gloves)
MR     .....                    (no boots)
Stlth  ..........               (no amulet)
                                q - +5 ring of intelligence
                                (no ring)

@: flying (expiring), rotting
A: rotting body, claws 1, carnivore 3, cold resistance 1, negative energy
resistance 3, slow regeneration 1, torment resistance, unbreathing
a: Depart the Abyss, Bend Space, Renounce Religion


You were on level 4 of the Dungeon.
You worshipped Lugonu.
Lugonu was pleased with you.
You were not hungry.

You visited 1 branch of the dungeon, and saw 4 of its levels.
You visited the Abyss 1 time.

You collected 230 gold pieces.

Inventory:

Hand Weapons
 a - a +1 hand axe (weapon)
Armour
 d - a +2 hat (worn)
 k - a +0 ring mail (worn)
 o - a cursed -1 cloak (worn)
 t - a +2 large shield (worn)
Jewellery
 q - a +5 ring of intelligence (right claw)
Wands
 p - a wand of digging (11/24)
Scrolls
 g - a scroll of immolation {unknown}
 u - a scroll of identify {unknown}
Potions
 j - a potion of curing
 n - a potion of experience {unknown}
 r - a potion of might {unknown}
 s - a potion of cancellation {unknown}
Comestibles
 c - a meat ration
 f - 2 beef jerkies
 h - a slice of pizza


   Skills:
 + Level 4.1 Fighting
 + Level 3.0 Axes
 + Level 0.1 Throwing
 * Level 3.0 Armour
 + Level 1.2 Dodging
 + Level 0.5 Shields
 * Level 3.0 Invocations


You had 4 spell levels left.
You didn't know any spells.

Dungeon Overview and Level Annotations

Branches:
Dungeon (4/15)
 Temple: D:4-7

Altars:

Annotations:
D:3 tschems's ghost, amateur HuFi
D:4 Yarinad's ghost, novice HuFi


Innate Abilities, Weirdness & Mutations

Your body is rotting away.
You thrive on raw meat.
You are immune to poison.
You have sharp fingernails.
You are carnivorous and can eat meat at any time.
Your flesh is cold resistant. (rC+)
You are immune to negative energy. (rN+++)
You regenerate slowly when monsters are visible.
You are immune to unholy pain and torment.
You can survive without breathing.


Message History

* * * LOW HITPOINT WARNING * * *
You hit the gnoll.
The gnoll is heavily wounded.
The gnoll hits you but does no damage.
You closely miss the gnoll.
The gnoll is heavily wounded.
You are starting to lose your buoyancy.
You block the gnoll's attack.
You hit the gnoll but do no damage.
The gnoll is heavily wounded.
The gnoll hits you with a flail.
* * * LOW HITPOINT WARNING * * *
You hit the gnoll.
The gnoll is severely wounded.
You block the gnoll's attack. The gnoll hits you with a flail!
* * * LOW HITPOINT WARNING * * *
You barely miss the gnoll.
The gnoll is heavily wounded.
The gnoll hits you with a flail!
You die...

#............. ##
.......g.......
##.
................
####..
###..............
.....
#!.............
#..## #........
#(## #........
##(###........
##@##........
##g.........
#..........
#..........
............
#..##........
#..# ###......
### #..... #.###


You could see a gnoll.

Vanquished Creatures
  An orc wizard (D:4)
  3 gnolls (D:4)
  5 adders
  2 dart slugs
  2 leopard geckos
  4 orcs (D:4)
  3 ball pythons (D:1)
  6 bats
  4 giant cockroaches
  11 goblins
  4 hobgoblins
  11 jackals
  7 kobolds
  A frilled lizard (D:1)
  4 rats
68 creatures vanquished.

Notes
Turn   | Place    | Note
-------+----------+-------------------------------------------
     0 | Abyss:1  | Gargoyl the Ghoul Abyssal Knight began the quest for the Orb.
     0 | Abyss:1  | Reached XP level 1. HP: 19/19 MP: 1/1
   221 | Abyss:2  | Noticed a bone dragon
   225 | Abyss:2  | Noticed a smoke demon
   227 | D:1      | Escaped the Abyss
   289 | D:1      | Reached * piety under Lugonu
   354 | D:1      | Reached skill level 1 in Dodging
   354 | D:1      | Reached XP level 2. HP: 26/26 MP: 2/2
   535 | D:1      | Reached XP level 3. HP: 33/33 MP: 3/3
  1220 | D:2      | Reached XP level 4. HP: 40/40 MP: 4/4
  1454 | D:2      | Reached skill level 4 in Fighting
  1470 | D:2      | Reached ** piety under Lugonu
  1870 | D:3      | Noticed tschems's ghost (amateur HuFi)
  1960 | D:4      | Reached XP level 5. HP: 21/46 MP: 6/6
  2043 | D:4      | Noticed Yarinad's ghost (novice HuFi)
  2369 | D:4      | Noticed a phantom
  2520 | D:4      | Slain by a gnoll

Skill      XL: |  1  2  3  4  5 |
---------------+----------------+-----
Armour         | 2 3 |  3.0
Dodging        | 1 |  1.2
Axes           | 2 3 |  3.0
Fighting       | 4 |  4.1
Invocations    | 3 |  3.0
Throwing       | |  0.1
Shields        | |  0.5

Action                   |  1- 3 |  4- 6 || total
-------------------------+-------+-------++-------
Melee: Hand axe          |    85 |   159 ||   244
Throw: Tomahawk          |       |     6 ||     6
Invok: Depart the Abyss  |     1 |       ||     1
       Bend Space        |       |     1 ||     1
Evoke: Wand              |       |     1 ||     1
  Use: Scroll            |     3 |     2 ||     5
       Potion            |       |     5 ||     5
  Eat: Chunk             |    10 |    18 ||    28
Armor: Leather armour    |    39 |       ||    39
       Ring mail         |    21 |    90 ||   111
Dodge: Dodged            |    66 |    93 ||   159
Block: Buckler           |       |    16 ||    16
       Large shield      |       |    63 ||    63
